Map: Hard Lead LE

Players

XenoDactyl

  • Race: Zerg Zerg
  • League: Master
  • Spawn Location: 11:00

Subwayeatn - Winner!

  • Race: Zerg Zerg
  • League: Platinum
  • Spawn Location: 5:00

VOD

Have the link to the VOD?

Description

Time

  • Played on: Nov. 13, 2023, 8:12 p.m.
  • Length: 4:46
Show
View Real Time Build Order
Export as new Build Order

XenoDactyl Zerg 

Build Orders: 1 Base Baneling Bust, Pool First 

Get SALT Encoding   

  12  0:02  Drone  
  13  0:19  Extractor  
  12  0:26  Spawning Pool  
  12  0:28  Drone  
  12  0:33  Drone  
  13  0:37  Drone  
  14  0:49  Overlord  
  14  0:53  Extractor  
  14  0:56  Drone  
  15  1:16  Baneling Nest  
  14  1:18  Zergling x4  
  16  1:26  Queen  
  19  1:32  Zergling x2  
  19  1:39  Zergling x2  
  20  1:49  Zergling x2  
  21  2:01  Drone  
  21  2:08  Baneling x2  
  22  2:29  Baneling  
  21  2:30  Baneling  
  21  2:35  Zergling x2  
  18  2:53  Zergling x6  
  18  2:58  Hatchery  
  20  2:59  Overlord  
  20  3:03  Baneling x2  
  20  3:06  Zergling x4  
  21  3:21  Baneling  
  21  3:28  Drone x2  
  18  3:56  Zergling x2  
  18  3:57  Zergling x4  
  15  4:11  Zergling x4  
  15  4:12  Zergling x2  
  6  4:21  Drone  
  4  4:37  Spine Crawler  
Show
View Real Time Build Order
Export as new Build Order

Subwayeatn Zerg - Winner!

Build Orders: Pool First 

Get SALT Encoding   

  12  0:00  Drone  
  13  0:12  Drone  
  14  0:16  Extractor  
  13  0:32  Spawning Pool  
  12  0:59  Hatchery  
  11  1:18  Queen  
  13  1:27  Overlord  
  13  1:35  Zergling x2  
  14  1:42  Metabolic Boost  
  14  1:47  Zergling x2  
  14  1:51  Zergling x2  
  16  1:59  Zergling x2  
  17  2:05  Zergling x2  
  19  2:15  Zergling x4  
  20  2:25  Zergling x4  
  14  2:55  Zergling x12  
  20  3:03  Zergling x6  
  22  3:22  Zergling x8  
  22  3:26  Zergling x2  
  27  3:37  Zergling x2  
  27  3:38  Overlord  
  23  4:11  Zergling x8  
  23  4:12  Zergling x4  
Tags
 
Add a new tag
Caveats
  • Supply blocks, unpowered buildings, or Contaminate may cause inaccurate times.
  • Supply counts are checked every 10 seconds.